 Dungeon Crawl Stone Soup version 0.27-a0-887-gcab673c142 (webtiles) character file.

Game seed: 7855313047720669383

0 Laurits the Covered (level 1, 0/14 HPs)
             Began as a Gargoyle Fighter on Apr 4, 2021.
             Slain by a frilled lizard (2 damage)
             ... on level 1 of the Dungeon.
             The game lasted 00:02:41 (86 turns).

Laurits the Covered (Gargoyle Fighter)                Turns: 86, Time: 00:02:41

Health: 0/14       AC:  9    Str: 19    XL:     1   Next: 10%
Magic:  1/1        EV:  7    Int:  8    God:
Gold:   0          SH:  9    Dex:  9    Spells: 0/0 levels left

rFire    . . .     SeeInvis .   a - +0 flail
rCold    . . .     Faith    .   c - +0 kite shield
rNeg     + . .     Spirit   .   b - +0 scale mail
rPois    ∞         Reflect  .   (no helmet)
rElec    +         Harm     .   (no cloak)
rCorr    .         Rampage  .   (no gloves)
Will     .....                  (no boots)
Stlth    ..........             (no amulet)
HPRegen  0.04/turn              (no ring)
MPRegen  0.07/turn              (no ring)

@: no status effects
A: AC +2, negative energy resistance 1, electricity resistance, torment
resistance 1, unbreathing 1, petrification resistance
a: no special abilities


You were on level 1 of the Dungeon.
You visited 1 branch of the dungeon, and saw 1 of its levels.

Inventory:

Hand Weapons
 a - a +0 flail (weapon)
Armour
 b - a +0 scale mail (worn)
 c - a +0 kite shield (worn)
Potions
 d - a potion of might


   Skills:
 + Level 3.3 Fighting
 + Level 2.0 Maces & Flails
 + Level 3.3 Armour
 + Level 3.3 Shields


You couldn't memorise any spells.
You didn't know any spells.
Your spell library was empty.

Dungeon Overview and Level Annotations

Branches:
Dungeon (1/15)

Altars:


Innate Abilities, Weirdness & Mutations

Your stone body is resilient. (AC +2)
You are immune to poison.
You resist negative energy. (rN+)
You are resistant to electric shocks. (rElec)
You are resistant to unholy torment.
You can survive without breathing.
You are immune to petrification.


Message History

* * * LOW HITPOINT WARNING * * *
The ball python constricts you.
The frilled lizard bites you but does no damage.
You block the ball python's attack. The ball python constricts you.
Welcome back, Laurits the Gargoyle Fighter.
Press ? for a list of commands and other information.
You escape the ball python's grasp.
The ball python bites you but does no damage.
You block the ball python's attack.
The frilled lizard bites you but does no damage.
The ball python bites you but does no damage.
The ball python barely misses you.
The ball python bites you but does no damage.
You block the ball python's attack. The ball python barely misses you.
You block the ball python's attack. You block the frilled lizard's attack.
The ball python bites you but does no damage.
The ball python grabs you.
* * * LOW HITPOINT WARNING * * *
The ball python constricts you.
The ball python's grasp on you weakens, but your attempt to escape fails.
You block the frilled lizard's attack. The ball python bites you.
* * * LOW HITPOINT WARNING * * *
The ball python constricts you.
You escape the ball python's grasp.
The ball python bites you but does no damage.
The ball python grabs you.
* * * LOW HITPOINT WARNING * * *
The ball python constricts you.
You open the door. You block the frilled lizard's attack.
The ball python bites you but does no damage.
The ball python constricts you.
You escape the ball python's grasp.
The frilled lizard barely misses you.
There is an open door here.
The frilled lizard bites you but does no damage.
Found a stone staircase leading down.
You open the door.
The frilled lizard bites you but does no damage.
The frilled lizard bites you.
You die...

# #
#########.#.#
.......#>...
###.#........
#.#...@........
#.#.#.#lS......
#.#.#.#.#+#####
#.#...#.#
#.....#.#
#.....'.#
#.....###
+.....+ #.....#


You could see a ball python and a frilled lizard.

Vanquished Creatures
  A ball python (D:1)
1 creature vanquished.

Notes
Turn   | Place    | Note
-------+----------+-------------------------------------------
     0 | D:1      | Laurits the Gargoyle Fighter began the quest for the Orb.
     0 | D:1      | Reached XP level 1. HP: 14/14 MP: 1/1
    86 | D:1      | Slain by a frilled lizard

Illustrated notes

Levels and vault maps discovered:
D:1:      eino_arrival_cavern_e, layout_basic, supply_closet_lemuel

Action                   || total
-------------------------++-------
Melee: Flail             ||     6
Armor: Scale mail        ||    17
Dodge: Dodged            ||     5
Block: Kite shield       ||    12

Table legend: (Time is in decaauts)
 A = Elapsed time spent in this place.
 B = Non-inter-level travel time spent in this place.
 C = Inter-level travel time spent in this place.
 D = Time resting spent in this place.
 E = Time spent auto-exploring this place.
 F = Levels seen in this place.
 G = Mean time per level.
                   A        B        C        D        E       F      G
               +--------+--------+--------+--------+--------+-----+--------+
         Total |     89 |     89 |      0 |      0 |      0 |   1 |   89.0 |
       Dungeon |     89 |     89 |      0 |      0 |      0 |   1 |   89.0 |
               +--------+--------+--------+--------+--------+-----+--------+

Top non-repeatable levels by time:
     D:1: 89 daAuts
